| TOP OF THE 1ST |
|
Greenville Drive batting - Pitching for Quad Cities River Bandits : LHP Dzintars Balodis
|
|
Pitching: LHP Dzintars Balodis
|
|
|
Batting: LHB Nelis Geurts
|
0-0: Called Strike 0-1: Called Strike 0-2: Ball 1-2: Ball 2-2: Strikes out looking
|
|
Batting: RHB Mike Batko
|
0-0: Called Strike 0-1: Swinging Strike 0-2: Foul Ball, location: 2F 0-2: Ball 1-2: Foul Ball, location: 2F 1-2: Strikes out swinging
|
|
Batting: RHB Joel Vazquez
|
0-0: Ground out 5-3 (Groundball, 5L, EV 101.9 MPH)
|
| Top of the 1st over - 0 runs, 0 hits, 0 errors, 0 left on base; Greenville 0 - Quad Cities 0 |
| BOTTOM OF THE 1ST |
|
Quad Cities River Bandits batting - Pitching for Greenville Drive : LHP Jon Convery
|
|
Pitching: LHP Jon Convery
|
|
|
Batting: RHB Xavier Castaneda
|
0-0: Called Strike 0-1: Ball 1-1: Called Strike 1-2: Ball 2-2: Foul Ball, location: 2F 2-2: Strikes out swinging
|
|
Batting: RHB Nick Deegan
|
0-0: Ball 1-0: Ball 2-0: Called Strike 2-1: Swinging Strike 2-2: Ball 3-2: Foul Ball, location: 2F 3-2: Base on Balls
|
|
Batting: RHB Juan Mendoza
|
0-0: Foul Ball, location: 2F 0-1: Ball Nick Deegan is caught stealing 2nd base 2-4 1-1: Swinging Strike 1-2: Ball 2-2: Fly out, F8 (Flyball, 8RM, EV 95.0 MPH)
|
| Bottom of the 1st over - 0 runs, 0 hits, 0 errors, 0 left on base; Greenville 0 - Quad Cities 0 |
| TOP OF THE 2ND |
|
Greenville Drive batting - Pitching for Quad Cities River Bandits : LHP Dzintars Balodis
|
|
Batting: RHB Ted Emmerich
|
0-0: Ball 1-0: Ball 2-0: Ball 3-0: Base on Balls
|
|
Batting: LHB John Criswell
|
0-0: Foul Ball, location: 2F 0-1: Ball 1-1: Ball 2-1: Swinging Strike 2-2: Strikes out looking
|
|
Batting: LHB Danny Montoya
|
0-0: Ball 1-0: Foul Ball, location: 2F 1-1: Ball 2-1: Ball Wild Pitch! Ted Emmerich to second 3-1: Foul Ball, location: 2F 3-2: Strikes out swinging
|
|
Batting: RHB Nick Spiller
|
0-0: Ball 1-0: Ball 2-0: Foul Ball, location: 2F 2-1: Called Strike 2-2: Ball 3-2: Base on Balls
|
|
Batting: RHB Josh Helman
|
0-0: Ball 1-0: Called Strike 1-1: Foul Ball, location: 2F 1-2: Strikes out looking
|
| Top of the 2nd over - 0 runs, 0 hits, 0 errors, 2 left on base; Greenville 0 - Quad Cities 0 |
| BOTTOM OF THE 2ND |
|
Quad Cities River Bandits batting - Pitching for Greenville Drive : LHP Jon Convery
|
|
Batting: RHB Jordan Williams
|
0-0: Ball 1-0: Called Strike 1-1: Ball 2-1: Ball 3-1: Base on Balls
|
|
Batting: RHB Ryan Salas
|
0-0: Grounds into double play, 4-6-3 (Groundball, 4M, EV 91.9 MPH)
|
|
Batting: RHB Bobby Dunn
|
0-0: SOLO HOME RUN (Flyball, 7D, EV 96.9 MPH), Distance : 380 ft
|
|
Batting: SHB Salvador Gomez
|
0-0: Called Strike 0-1: Foul Ball, location: 2F 0-2: Foul Ball, location: 2F 0-2: Ground out 5-3 (Groundball, 56, EV 92.5 MPH)
|
| Bottom of the 2nd over - 1 run, 1 hit, 0 errors, 0 left on base; Greenville 0 - Quad Cities 1 |
| TOP OF THE 3RD |
|
Greenville Drive batting - Pitching for Quad Cities River Bandits : LHP Dzintars Balodis
|
|
Batting: RHB Rogelio Cervantes
|
0-0: Swinging Strike 0-1: Ball 1-1: TRIPLE (Line Drive, 78XD, EV 101.2 MPH)
|
|
Batting: LHB Nelis Geurts
|
0-0: Ball 1-0: Ball 2-0: Swinging Strike 2-1: Foul Ball, location: 2F 2-2: Strikes out swinging
|
|
Batting: RHB Mike Batko
|
0-0: Ball 1-0: Ball 2-0: Ball 3-0: Called Strike 3-1: Base on Balls
|
|
Batting: RHB Joel Vazquez
|
0-0: Ball 1-0: Ball 2-0: Ball 3-0: Called Strike 3-1: Foul Ball, location: 2F 3-2: Fly out, F8 (Flyball, 8LD, EV 106.9 MPH) Runner from 3rd tags up, SCORES, no throw by CF
|
|
Batting: RHB Ted Emmerich
|
0-0: Called Strike 0-1: Called Strike 0-2: DOUBLE (Line Drive, 7LD, EV 99.4 MPH) Mike Batko to third
|
|
Batting: LHB John Criswell
|
0-0: Foul Ball, location: 2F 0-1: Swinging Strike 0-2: Foul Ball, location: 2F 0-2: Ball 1-2: Strikes out looking
|
| Top of the 3rd over - 1 run, 2 hits, 0 errors, 2 left on base; Greenville 1 - Quad Cities 1 |
| BOTTOM OF THE 3RD |
|
Quad Cities River Bandits batting - Pitching for Greenville Drive : LHP Jon Convery
|
|
Batting: RHB Kieron Clark
|
0-0: Called Strike 0-1: Fly out, F9 (Flyball, 9S, EV 88.1 MPH)
|
|
Batting: LHB Danny Wolver
|
0-0: Ball 1-0: Called Strike 1-1: Ball 2-1: Foul Ball, location: 2F 2-2: Foul Ball, location: 2F 2-2: Strikes out swinging
|
|
Batting: RHB Xavier Castaneda
|
0-0: Ball 1-0: Called Strike 1-1: DOUBLE (Line Drive, 7LS, EV 95.6 MPH)
|
|
Batting: RHB Nick Deegan
|
0-0: Ball 1-0: Ball 2-0: Called Strike 2-1: Ground out 4-3 (Groundball, 34, EV 80.0 MPH)
|
| Bottom of the 3rd over - 0 runs, 1 hit, 0 errors, 1 left on base; Greenville 1 - Quad Cities 1 |
| TOP OF THE 4TH |
|
Greenville Drive batting - Pitching for Quad Cities River Bandits : LHP Dzintars Balodis
|
|
Batting: LHB Danny Montoya
|
0-0: Called Strike 0-1: Ball 1-1: Ball 2-1: DOUBLE (Groundball, 5L, EV 98.1 MPH)
|
|
Batting: RHB Nick Spiller
|
0-0: Called Strike 0-1: Fly out, F8 (Flyball, 8LD, EV 90.0 MPH) Runner from 2nd tags up, OUT at 3rd! 8-5
|
|
Batting: RHB Josh Helman
|
0-0: Called Strike 0-1: Ground out 5-3 (Groundball, 56S, EV 71.2 MPH)
|
| Top of the 4th over - 0 runs, 1 hit, 0 errors, 0 left on base; Greenville 1 - Quad Cities 1 |
| BOTTOM OF THE 4TH |
|
Quad Cities River Bandits batting - Pitching for Greenville Drive : LHP Jon Convery
|
|
Batting: RHB Juan Mendoza
|
0-0: Hit by Pitch
|
|
Batting: RHB Jordan Williams
|
0-0: Ball 1-0: Foul Ball, location: 2F 1-1: Ball 2-1: Foul Ball, location: 2F 2-2: Foul Ball, location: 2F 2-2: Ball 3-2: Foul Ball, location: 2F 3-2: Foul Ball, location: 2F 3-2: Strikes out looking
|
|
Batting: RHB Ryan Salas
|
0-0: Called Strike 0-1: SINGLE (Groundball, 4D, EV 101.9 MPH) Juan Mendoza to second Runner from 2nd tries for 3rd, OUT! 8-5
|
|
Batting: RHB Bobby Dunn
|
0-0: Ball 1-0: Foul Ball, location: 2F 1-1: Ball 2-1: Foul Ball, location: 2F 2-2: Foul Ball, location: 2F 2-2: Ball 3-2: Foul Ball, location: 2F 3-2: Base on Balls Ryan Salas to second
|
|
Batting: SHB Salvador Gomez
|
0-0: Ball 1-0: Ball 2-0: Called Strike 2-1: SINGLE (Groundball, 34D, EV 98.1 MPH) Ryan Salas to third Bobby Dunn to second Runner from 3rd tries for Home, SAFE, throw by RF to home
|
|
Batting: RHB Kieron Clark
|
0-0: Ball 1-0: Called Strike 1-1: Ball 2-1: Fielders Choice at 2nd, 6-4 (Groundball, 6, EV 85.6 MPH)
|
| Bottom of the 4th over - 1 run, 2 hits, 0 errors, 2 left on base; Greenville 1 - Quad Cities 2 |
| TOP OF THE 5TH |
|
Greenville Drive batting - Pitching for Quad Cities River Bandits : LHP Dzintars Balodis
|
|
Pitching: RHP Manny Bonilla
|
|
|
Batting: RHB Rogelio Cervantes
|
0-0: Ball 1-0: SINGLE (Groundball, 4, EV 96.9 MPH)
|
|
Batting: LHB Nelis Geurts
|
0-0: Called Strike Rogelio Cervantes steals 2nd base 0-1: Ball Rogelio Cervantes steals 3rd base 1-1: Fly out, F9 (Flyball, 89S, EV 81.2 MPH)
|
|
Batting: RHB Mike Batko
|
0-0: Reached on error, E5 (Groundball, 56, EV 106.2 MPH) Rogelio Cervantes scores
|
|
Batting: RHB Joel Vazquez
|
0-0: Called Strike 0-1: Ball 1-1: Swinging Strike 1-2: Foul Ball, location: 2F 1-2: Strikes out looking
|
|
Batting: RHB Ted Emmerich
|
0-0: Called Strike 0-1: Fly out, F8 (Flyball, 78S, EV 84.4 MPH)
|
| Top of the 5th over - 1 run, 1 hit, 1 error, 1 left on base; Greenville 2 - Quad Cities 2 |
| BOTTOM OF THE 5TH |
|
Quad Cities River Bandits batting - Pitching for Greenville Drive : LHP Jon Convery
|
|
Batting: LHB Danny Wolver
|
0-0: SINGLE (Line Drive, 7S, EV 95.0 MPH)
|
|
Batting: RHB Xavier Castaneda
|
0-0: Foul Ball, location: 2F 0-1: Ball 1-1: Foul Ball, location: 2F 1-2: Fly out, F8 (Flyball, 8LXD, EV 96.2 MPH)
|
|
Batting: RHB Nick Deegan
|
0-0: Called Strike 0-1: Ball 1-1: Ball 2-1: Foul Ball, location: 2F 2-2: Foul Ball, location: 2F 2-2: Foul Ball, location: 2F 2-2: Strikes out looking
|
|
Batting: RHB Juan Mendoza
|
0-0: Fly out, F2 (Popup, 2LF, EV 86.9 MPH)
|
| Bottom of the 5th over - 0 runs, 1 hit, 0 errors, 1 left on base; Greenville 2 - Quad Cities 2 |
| TOP OF THE 6TH |
|
Greenville Drive batting - Pitching for Quad Cities River Bandits : RHP Manny Bonilla
|
|
Batting: LHB John Criswell
|
0-0: Ball 1-0: Foul Ball, location: 2F 1-1: Called Strike 1-2: Ball 2-2: Foul Ball, location: 2F 2-2: Ball 3-2: Base on Balls
|
|
Pitching: RHP Chris Miles
|
|
|
Batting: LHB Danny Montoya
|
0-0: Foul Ball, location: 2F 0-1: Ball 1-1: Fly out, F8 (Flyball, 8LD, EV 100.0 MPH)
|
|
Batting: RHB Nick Spiller
|
0-0: Swinging Strike 0-1: Ball 1-1: Ball Wild Pitch! John Criswell to second 2-1: Ball 3-1: Foul Ball, location: 2F 3-2: Foul Ball, location: 2F 3-2: Strikes out looking
|
|
Batting: RHB Josh Helman
|
0-0: Called Strike 0-1: Ball 1-1: Ball 2-1: Foul Ball, location: 2F 2-2: Ball 3-2: Base on Balls
|
|
Batting: RHB Rogelio Cervantes
|
0-0: Foul Ball, location: 2F 0-1: SINGLE (Line Drive, 4D, EV 99.4 MPH) John Criswell to third Josh Helman to second
|
|
Batting: LHB Nelis Geurts
|
0-0: Fly out, F5 (Line Drive, 5L, EV 70.0 MPH)
|
| Top of the 6th over - 0 runs, 1 hit, 0 errors, 3 left on base; Greenville 2 - Quad Cities 2 |
| BOTTOM OF THE 6TH |
|
Quad Cities River Bandits batting - Pitching for Greenville Drive : LHP Jon Convery
|
|
Pitching: RHP Gabe Torres
|
|
|
Batting: RHB Jordan Williams
|
0-0: Ball 1-0: Foul Ball, location: 2F 1-1: Foul Ball, location: 2F 1-2: Ground out U3 (Groundball, 34, EV 103.1 MPH)
|
|
Batting: RHB Ryan Salas
|
0-0: Called Strike 0-1: Ball 1-1: Foul Ball, location: 2F 1-2: Ball 2-2: Ball 3-2: Foul Ball, location: 2F 3-2: Foul Ball, location: 2F 3-2: Foul Ball, location: 2F 3-2: Base on Balls
|
|
Batting: RHB Bobby Dunn
|
0-0: Ball 1-0: Foul Ball, location: 2F 1-1: Called Strike 1-2: SINGLE (Flyball, 9, EV 93.1 MPH) Ryan Salas to second
|
|
Batting: SHB Salvador Gomez
|
0-0: Called Strike 0-1: Foul Ball, location: 2F 0-2: Ball Wild Pitch! Ryan Salas to third Bobby Dunn to second 1-2: Foul Ball, location: 2F 1-2: Strikes out swinging
|
|
Batting: RHB Kieron Clark
|
0-0: Ball 1-0: Swinging Strike 1-1: Ball 2-1: Ball 3-1: Ground out 5-3 (Groundball, 5, EV 90.0 MPH)
|
| Bottom of the 6th over - 0 runs, 1 hit, 0 errors, 2 left on base; Greenville 2 - Quad Cities 2 |
| TOP OF THE 7TH |
|
Greenville Drive batting - Pitching for Quad Cities River Bandits : RHP Chris Miles
|
|
Batting: RHB Mike Batko
|
0-0: Called Strike 0-1: Ball 1-1: SINGLE (Groundball, 56S, EV 66.9 MPH) (infield hit)
|
|
Batting: RHB Joel Vazquez
|
0-0: Called Strike 0-1: Foul Ball, location: 2F 0-2: Strikes out swinging
|
|
Batting: RHB Ted Emmerich
|
0-0: Foul Ball, location: 2F 0-1: Ball 1-1: Ball 2-1: Fielders Choice at 2nd, 4-6 (Groundball, 4S, EV 75.6 MPH)
|
|
Batting: LHB John Criswell
|
0-0: Ground out U3 (Groundball, 3L, EV 98.1 MPH)
|
| Top of the 7th over - 0 runs, 1 hit, 0 errors, 1 left on base; Greenville 2 - Quad Cities 2 |
| BOTTOM OF THE 7TH |
|
Quad Cities River Bandits batting - Pitching for Greenville Drive : RHP Gabe Torres
|
|
Pitching: RHP Roberto Morales
|
|
|
Batting: LHB Danny Wolver
|
0-0: Ball 1-0: Ball 2-0: Ball 3-0: Called Strike 3-1: Foul Ball, location: 2F 3-2: Base on Balls
|
|
Batting: RHB Xavier Castaneda
|
0-0: Ball Wild Pitch! Danny Wolver to second 1-0: Foul Ball, location: 2F 1-1: Ball 2-1: Swinging Strike 2-2: Strikes out swinging
|
|
Batting: RHB Nick Deegan
|
0-0: Ball 1-0: Called Strike 1-1: Ball 2-1: Ball 3-1: Called Strike 3-2: Ground out 6-3 (Groundball, 6, EV 104.4 MPH)
|
|
Batting: RHB Juan Mendoza
|
0-0: Ball 1-0: Ball 2-0: Swinging Strike 2-1: Swinging Strike 2-2: Ball 3-2: Strikes out swinging
|
| Bottom of the 7th over - 0 runs, 0 hits, 0 errors, 1 left on base; Greenville 2 - Quad Cities 2 |
| TOP OF THE 8TH |
|
Greenville Drive batting - Pitching for Quad Cities River Bandits : RHP Chris Miles
|
|
Batting: LHB Danny Montoya
|
0-0: Ball 1-0: Foul Ball, location: 2F 1-1: Foul Ball, location: 2F 1-2: Ball 2-2: DOUBLE (Flyball, 8RXD, EV 103.1 MPH)
|
|
Pinch Hitting: SHB Greg Shaw
|
0-0: Ball Wild Pitch! Danny Montoya to third 1-0: Swinging Strike 1-1: Foul Ball, location: 2F 1-2: Foul Ball, location: 2F 1-2: Strikes out swinging
|
|
Batting: RHB Josh Helman
|
0-0: Intentional Walk
|
|
Batting: RHB Rogelio Cervantes
|
0-0: Hit by Pitch Josh Helman to second
|
|
Batting: LHB Nelis Geurts
|
0-0: Ball 1-0: SINGLE (Line Drive, 78S, EV 96.9 MPH) Danny Montoya scores Josh Helman to third Rogelio Cervantes to second
|
|
Batting: RHB Mike Batko
|
0-0: SINGLE (Groundball, 34, EV 104.4 MPH) (infield hit) Josh Helman scores Rogelio Cervantes to third Nelis Geurts to second
|
|
Batting: RHB Joel Vazquez
|
0-0: Ball 1-0: Ball 2-0: Ball 3-0: Base on Balls Rogelio Cervantes scores Nelis Geurts to third Mike Batko to second
|
|
Batting: RHB Ted Emmerich
|
0-0: Called Strike 0-1: Fly out, F5 (Popup, 5F, EV 66.9 MPH)
|
|
Batting: LHB John Criswell
|
0-0: Ball 1-0: Ball 2-0: Ball 3-0: Called Strike 3-1: Base on Balls Nelis Geurts scores Mike Batko to third Joel Vazquez to second
|
|
Batting: LHB Danny Montoya
|
0-0: Foul Ball, location: 2F 0-1: Swinging Strike 0-2: Foul Ball, location: 2F 0-2: Ball 1-2: Ball 2-2: Ground out U3 (Groundball, 34, EV 88.8 MPH)
|
| Top of the 8th over - 4 runs, 3 hits, 0 errors, 3 left on base; Greenville 6 - Quad Cities 2 |
| BOTTOM OF THE 8TH |
|
Quad Cities River Bandits batting - Pitching for Greenville Drive : RHP Roberto Morales
|
|
Pitching: LHP Fernando Mendoza
|
|
|
Now in LF: David Norum
|
|
|
Batting: RHB Jordan Williams
|
0-0: Ball 1-0: Ball 2-0: Ball 3-0: Base on Balls
|
|
Batting: RHB Ryan Salas
|
0-0: Grounds into double play, 4-6-3 (Groundball, 4, EV 99.4 MPH)
|
|
Batting: RHB Bobby Dunn
|
0-0: Foul Ball, location: 2F 0-1: SINGLE (Line Drive, 4D, EV 98.1 MPH)
|
|
Batting: SHB Salvador Gomez
|
0-0: Called Strike 0-1: Ball 1-1: Called Strike 1-2: SINGLE (Line Drive, 9S, EV 103.1 MPH) Bobby Dunn to second
|
|
Batting: RHB Kieron Clark
|
0-0: Called Strike 0-1: Ball 1-1: Called Strike 1-2: Strikes out looking
|
| Bottom of the 8th over - 0 runs, 2 hits, 0 errors, 2 left on base; Greenville 6 - Quad Cities 2 |
| TOP OF THE 9TH |
|
Greenville Drive batting - Pitching for Quad Cities River Bandits : RHP Chris Miles
|
|
Pitching: RHP Robin Yelland
|
|
|
Batting: RHB David Norum
|
0-0: Ball 1-0: Ground out 3-1 (Groundball, 34, EV 85.6 MPH)
|
|
Batting: RHB Josh Helman
|
0-0: Swinging Strike 0-1: Ball 1-1: Swinging Strike 1-2: Strikes out swinging
|
|
Batting: RHB Rogelio Cervantes
|
0-0: Called Strike 0-1: Ball 1-1: Foul Ball, location: 2F 1-2: Ball 2-2: Foul Ball, location: 2F 2-2: Strikes out swinging
|
| Top of the 9th over - 0 runs, 0 hits, 0 errors, 0 left on base; Greenville 6 - Quad Cities 2 |
| BOTTOM OF THE 9TH |
|
Quad Cities River Bandits batting - Pitching for Greenville Drive : LHP Fernando Mendoza
|
|
Pitching: RHP Juan Mejia
|
|
|
Batting: LHB Danny Wolver
|
0-0: Fly out, F9 (Flyball, 9D, EV 93.1 MPH)
|
|
Batting: RHB Xavier Castaneda
|
0-0: Ball 1-0: Swinging Strike 1-1: Foul Ball, location: 2F 1-2: Strikes out looking
|
|
Batting: RHB Nick Deegan
|
0-0: Called Strike 0-1: Ball 1-1: Called Strike 1-2: Ball 2-2: Foul Ball, location: 2F 2-2: SINGLE (Groundball, 56D, EV 108.8 MPH)
|
|
Batting: RHB Juan Mendoza
|
0-0: Called Strike 0-1: Called Strike 0-2: Strikes out swinging
|
| Bottom of the 9th over - 0 runs, 1 hit, 0 errors, 1 left on base; Greenville 6 - Quad Cities 2 |
|